 Dungeon Crawl Stone Soup version 0.28-a0-1493-g08698888e4 (webtiles) character file.

Game seed: 6971793287801405085

149 Hasart the Ruffian (level 4, -1/36 HPs)
             Began as a Demigod Transmuter on Jan 12, 2022.
             Slain by a gnoll (6 damage)
             ... on level 4 of the Dungeon.
             The game lasted 00:03:58 (2940 turns).

Hasart the Ruffian (Demigod Transmuter)             Turns: 2940, Time: 00:03:59

Health: -1/36      AC:  2    Str: 15    XL:     4   Next: 82%
Magic:  8/10       EV: 12    Int: 15    God:
Gold:   155        SH:  0    Dex: 14    Spells: 4/7 levels left

rFire   . . .      SeeInvis .   b - +0 short sword (venom)
rCold   . . .      Faith    .   (no shield)
rNeg    . . .      Spirit   .   a - +0 robe
rPois   +          Reflect  .   (helmet currently unavailable)
rElec   .          Harm     .   (no cloak)
rCorr   .          Rampage  .   (no gloves)
Will    .....                   (boots currently unavailable)
Stlth   +.........              (no amulet)
HPRegen 0.12/turn               p - ring of poison resistance
MPRegen 0.12/turn               n - ring of flight

@: appendages (expiring), wereblooded, flying
A: horns 2, talons 2, high mp 1, forlorn, divine attributes
a: End Transformation


You were on level 4 of the Dungeon.
You had temporarily grown beastly horns and talons.
You visited 1 branch of the dungeon, and saw 4 of its levels.

You collected 155 gold pieces.

Inventory:

Hand Weapons
 b - a +0 short sword of venom (weapon)
Armour
 a - a +0 robe (worn)
 i - a +0 helmet (melded)
 k - a +0 tower shield
 o - a +0 pair of boots (melded)
Jewellery
 n - a ring of flight (right hand)
 p - a ring of poison resistance (left hand)
Wands
 r - a wand of paralysis (12)
Scrolls
 c - 3 scrolls of identify {unknown}
 d - a scroll of enchant armour {unknown}
 e - a scroll of silence {unknown}
 h - a scroll of holy word {unknown}
 l - a scroll of noise {unknown}
 q - a scroll of teleportation {unknown}
 u - a scroll of blinking {unknown}
Potions
 f - a potion of curing
 g - a potion of haste {unknown}
 j - a potion of heal wounds {unknown}
 m - a potion of might {unknown}
 s - a potion of attraction {unknown}
 t - a potion of mutation {unknown}


   Skills:
 + Level 1.8 Fighting
 * Level 2.1 Short Blades
 + Level 2.5 Dodging
 - Level 2.8 Unarmed Combat
 + Level 2.4 Spellcasting
 + Level 2.4 Transmutations


You had 4 spell levels left.
You knew the following spells:

 Your Spells              Type           Power      Damage    Failure   Level
a - Beastly Appendage     Tmut           18%        N/A       8%          1
b - Wereblood             Tmut           9%         N/A       12%         2

Your spell library contained the following spells:

 Spells                   Type           Power      Damage    Failure   Level
 Spider Form              Tmut/Pois      5%         N/A       36%         3
 Ice Form                 Ice/Tmut       5%         N/A       77%         4


Dungeon Overview and Level Annotations

Branches:
Dungeon (4/15)
 Temple: D:4-7

Shops:
D:1 =


Innate Abilities, Weirdness & Mutations

You have temporarily grown beastly horns and talons.
You have an increased reservoir of magic. (+10% MP)
You shall have no god before yourself.
Your divine heritage dramatically boosts your attributes as you level up.


Message History

Confirm with . or Enter, or press ? or * to list all spells.
You grow a pair of large bovine horns.
Your feet morph into talons.
Your +0 helmet melds into your body.
Your +0 pair of boots melds into your body.
The gnoll shouts!
You hear a shout!
A gnoll comes into view. It is wielding a +0 flail.
Casting: Beastly Appendage (safe; 8% risk of failure)
Confirm with . or Enter, or press ? or * to list all spells.
Your blood is infused with primal strength.
You hit the gnoll but do no damage.
The gnoll is poisoned.
The gnoll barely misses you.
You hit the gnoll but do no damage.
The gnoll looks as sick as possible!
You claw the gnoll.
The gnoll is lightly wounded.
The gnoll hits you with a +0 flail of protection!
The gnoll misses you.
You hit the gnoll.
The gnoll looks as sick as possible!
You claw the gnoll, but do no damage.
The gnoll is severely wounded.
The gnoll hits you with a +0 flail.
You hit the gnoll but do no damage.
The gnoll looks as sick as possible!
You claw the gnoll, but do no damage.
The gnoll is severely wounded.
The gnoll barely misses you. x2
Unknown command.
You hit the gnoll but do no damage.
The gnoll is almost dead.
You feel a bit better.
You kill the gnoll!
The gnoll hits you with a +0 flail! The gnoll barely misses you.
Unknown command.
You hit the gnoll.
The gnoll is poisoned.
Your kick misses the gnoll. You punch the gnoll.
The gnoll is moderately wounded.
You howl as the wereblood boils in your veins!
Your transformation is almost over.
The gnoll hits you with a +0 flail!
* * * LOW HITPOINT WARNING * * *
The gnoll hits you with a +0 flail.
You die...

.# . ##[ #..
#.# ######.#
#....gg#
#....)@#
#......#
#.....##
#####.....###.#
..............#
#######<#######
#.# #.# #.#


You could see 2 gnolls.

Vanquished Creatures
  Jessica (D:3)
  A hound skeleton (D:3)
  Robin (D:2)
  2 adders
  A gnoll (D:4)
  2 dart slugs
  5 orcs (D:3)
  3 endoplasms
  2 giant cockroaches
  10 goblins
  10 hobgoblins
  4 kobolds
  7 ball pythons
  6 bats
  4 frilled lizards
  3 rats
62 creatures vanquished.

Notes
Turn   | Place    | Note
-------+----------+-------------------------------------------
     0 | D:1      | Hasart the Demigod Transmuter began the quest for the Orb.
     0 | D:1      | Reached XP level 1. HP: 15/15 MP: 5/5
    16 | D:1      | Reached skill level 1 in Fighting
   341 | D:1      | Reached XP level 2. HP: 10/23 MP: 7/7
   537 | D:1      | Learned a level 2 spell: Wereblood
  1200 | D:1      | Found Qarch's Jewellery Shoppe.
  1405 | D:2      | Reached skill level 1 in Short Blades
  1518 | D:2      | Noticed Robin
  1529 | D:2      | Reached XP level 3. HP: 23/28 MP: 4/8
  1535 | D:2      | Killed Robin
  1785 | D:2      | You fall into a shaft and drop 1 floor!
  2420 | D:3      | Reached XP level 4. HP: 29/35 MP: 10/10
  2568 | D:3      | Noticed Jessica
  2580 | D:3      | Killed Jessica
  2940 | D:4      | Slain by a gnoll

Illustrated notes

Levels and vault maps discovered:
D:1:      heliophobic_arrival_henge, layout_loops_ring, serial_shops, shop
D:2:      layout_basic, minmay_pentomino_u4, uniq_robin
D:3:      layout_rooms, uniq_jessica
D:4:      layout_loops_ring, grunt_decor_mini_mirrors, uniq_edmund

Skill      XL: |  1  2  3  4 |
---------------+-------------+-----
Fighting       | 1 |  1.8
Transmutations | 2 |  2.4
Dodging        | 2 |  2.5
Spellcasting   | 2 |  2.4
Short Blades   | 1 2 |  2.1
Unarmed Combat | |  2.8

Action                   |  1- 3 |  4- 6 || total
-------------------------+-------+-------++-------
Melee: Short sword       |   126 |    39 ||   165
       Unarmed           |     6 |       ||     6
       Headbutt          |     6 |       ||     6
       Kick              |     7 |     4 ||    11
       Punch             |     3 |     2 ||     5
 Cast: Beastly Appendage |     3 |     2 ||     5
       Wereblood         |     1 |     2 ||     3
 Stab: Sleeping          |     2 |       ||     2
Armor: Robe              |    28 |     2 ||    30
Dodge: Dodged            |    73 |    22 ||    95

Table legend: (Time is in decaauts)
 A = Elapsed time spent in this place.
 B = Non-inter-level travel time spent in this place.
 C = Inter-level travel time spent in this place.
 D = Time resting spent in this place.
 E = Time spent auto-exploring this place.
 F = Levels seen in this place.
 G = Mean time per level.
                   A        B        C        D        E       F      G
               +--------+--------+--------+--------+--------+-----+--------+
         Total |   2944 |   2876 |     68 |    238 |   2199 |   4 |  736.0 |
       Dungeon |   2944 |   2876 |     68 |    238 |   2199 |   4 |  736.0 |
               +--------+--------+--------+--------+--------+-----+--------+

Top non-repeatable levels by time:
     D:1: 1375 daAuts
     D:2: 974 daAuts
     D:3: 578 daAuts
     D:4: 16 daAuts
